 Dungeon Crawl Stone Soup version 0.28-a0-991-g956f0ee3d5 (webtiles) character file.

Game seed: 8975660170143961322

13 Froggeryz the Cudgeller (level 2, -4/19 HPs)
             Began as a Gargoyle Cinder Acolyte on Dec 5, 2021.
             Was a High Priest of Ignis.
             Killed by nerve-wracking pain
             ... invoked by Jessica
              (6 damage)
             ... on level 2 of the Dungeon.
             The game lasted 00:00:29 (1095 turns).

Froggeryz the Cudgeller (Gargoyle Cinder Acolyte)   Turns: 1095, Time: 00:00:30

Health: -4/19      AC:  5    Str: 17    XL:     2   Next: 37%
Magic:  3/3        EV: 11    Int: 14    God:    Ignis [*****.]
Gold:   36         SH:  0    Dex:  5    Spells: 3/3 levels left

rFire   + . .      SeeInvis .   a - -1 mace (flame)
rCold   . . .      Faith    .   (no shield)
rNeg    + . .      Spirit   .   b - +0 robe
rPois   ∞          Reflect  .   (no helmet)
rElec   +          Harm     .   (no cloak)
rCorr   .          Rampage  .   (no gloves)
Will    .....                   d - +0 pair of boots
Stlth   +.........              (no amulet)
HPRegen 0.06/turn               (no ring)
MPRegen 0.08/turn               (no ring)

@: no status effects
A: sickness immunity, AC +2, negative energy resistance 1, electricity
resistance, torment resistance 1, petrification resistance
a: Renounce Religion, Fiery Armour, Foxfire Swarm, Rising Flame


You were on level 2 of the Dungeon.
You worshipped Ignis.
Ignis was extremely pleased with you.
You visited 1 branch of the dungeon, and saw 2 of its levels.

You collected 36 gold pieces.

Inventory:

Hand Weapons
 a - a -1 mace of flaming (weapon)
Armour
 b - a +0 robe (worn)
 d - a +0 pair of boots (worn)
Scrolls
 c - a scroll of enchant armour {unknown}
 e - a scroll of identify {unknown}
 g - a scroll of holy word {unknown}
Potions
 f - a potion of flight {unknown}


   Skills:
 - Level 3.2 Fighting
 * Level 3.5 Maces & Flails
 + Level 1.0 Armour
 - Level 1.0 Spellcasting
 - Level 3.0 Fire Magic


You had 3 spell levels left.
You didn't know any spells.
Your spell library contained the following spells:

 Spells                   Type           Power      Damage    Failure   Level
 Scorch                   Fire           18%        2d6       12%         2


Dungeon Overview and Level Annotations

Branches:
Dungeon (2/15)

Altars:

Annotations:
D:2 Jessica


Innate Abilities, Weirdness & Mutations

You are immune to sickness and miasma.
Your stone body is resilient. (AC +2)
You are immune to poison.
You resist negative energy. (rN+)
You are resistant to electric shocks. (rElec)
You are resistant to unholy torment.
You are immune to petrification.


Message History

Done exploring.
Done exploring.
You see here a +0 dagger.
There is a stone staircase leading down here.
You climb downwards.
Found 16 arrows.
There is a stone staircase leading up here.
Jessica the Apprentice Sorceress comes into view.
She is wielding a +2 dagger of flaming.
Jessica shouts!
Jessica is nearby!
A hobgoblin comes into view.
The hobgoblin shouts!
You see here 16 arrows.
You barely miss Jessica.
Jessica hits you with a +2 dagger of flaming.
Jessica burns you.
You hit Jessica but do no damage.
Jessica mumbles some strange words.
Jessica blinks!
You closely miss the hobgoblin.
The hobgoblin hits you but does no damage.
You hit the hobgoblin. You burn the hobgoblin.
You kill the hobgoblin!
Jessica casts a spell at you. Pain shoots through your body!
Jessica mumbles some strange words.
Jessica seems to speed up.
You hit Jessica but do no damage.
Jessica hits you with a +2 dagger of flaming.
Jessica burns you.
* * * LOW HITPOINT WARNING * * *
Jessica points at you and mumbles some strange words.
You resist with some effort.
You hit Jessica. You burn Jessica.
Jessica is severely wounded.
Jessica hits you with a +2 dagger of flaming.
* * * LOW HITPOINT WARNING * * *
Jessica casts a spell at you. Pain shoots through your body!
You die...

###### #....#
#....# #....#
#<...# #@...#
########@...#
......^.....#
########(...#
#.......#
#.#.....# #
#.#+### #. #.
#.


You could see Jessica (fast).

Vanquished Creatures
  A dart slug (D:1)
  An endoplasm (D:1)
  A goblin (D:1)
  2 hobgoblins
  3 kobolds (D:1)
  2 rats (D:1)
10 creatures vanquished.

Notes
Turn   | Place    | Note
-------+----------+-------------------------------------------
     0 | D:1      | Froggeryz the Gargoyle Cinder Acolyte began the quest for
                  | the Orb.
     0 | D:1      | Reached XP level 1. HP: 14/14 MP: 2/2
   597 | D:1      | Reached XP level 2. HP: 16/19 MP: 3/3
   906 | D:1      | Reached skill level 1 in Armour
  1084 | D:2      | Noticed Jessica
  1095 | D:2      | Killed from afar by Jessica

Illustrated notes

Levels and vault maps discovered:
D:1:      eino_arrival_tree_alley, layout_loops_ring
D:2:      layout_basic, basic_altar, uniq_jessica

Skill      XL: |  1  2 |
---------------+-------+-----
Armour         | 1 |  1.0
Fighting       | |  3.2
Maces & Flails | |  3.5
Spellcasting   | |  1.0
Fire Magic     | |  3.0

Action                   || total
-------------------------++-------
Melee: Mace              ||    38
Armor: Robe              ||    15
Dodge: Dodged            ||    10

Table legend: (Time is in decaauts)
 A = Elapsed time spent in this place.
 B = Non-inter-level travel time spent in this place.
 C = Inter-level travel time spent in this place.
 D = Time resting spent in this place.
 E = Time spent auto-exploring this place.
 F = Levels seen in this place.
 G = Mean time per level.
                   A        B        C        D        E       F      G
               +--------+--------+--------+--------+--------+-----+--------+
         Total |   1103 |   1072 |     31 |    277 |    700 |   2 |  551.5 |
       Dungeon |   1103 |   1072 |     31 |    277 |    700 |   2 |  551.5 |
               +--------+--------+--------+--------+--------+-----+--------+

Top non-repeatable levels by time:
     D:1: 1089 daAuts
     D:2: 13 daAuts
